 Dungeon Sprint DCSS version 0.18-b1-20-g17449fe (webtiles) character file.

3122 LORDOFBUTT the Brawler (level 9, 0/80 HPs)
             Began as a Troll Berserker on May 3, 2016.
             Was the Champion of Trog.
             Slain by an unseen horror (6 damage)
             ... in the Dungeon (Sprint III: "The Ten Rune Challenge").
             The game lasted 00:03:11 (808 turns).

LORDOFBUTT the Brawler (Troll Berserker)             Turns: 808, Time: 00:03:11

Health: 0/80       AC:  5    Str: 27    XL:     9   Next: 60%
Magic:  8/8        EV: 16    Int:  3    God:    Trog [******]
Gold:   2036       SH:  0    Dex: 12    Spells: 0 memorised, 8 levels left

rFire  . . .     SeeInvis .       - Unarmed
rCold  . . .     Gourm    +     a - +0 animal skin
rNeg   . . .     Faith    .     (no shield)
rPois  .         Spirit   .     (helmet restricted)
rElec  .         Dismiss  .     (no cloak)
rCorr  .         Reflect  .     (gloves unavailable)
SustAt .         Harm     .     (boots unavailable)
MR     .....     NoTele   +     (no amulet)
Stlth  +.........               (no ring)
                                (no ring)

@: not resistant to hostile enchantments, very unstealthy
A: unfitting armour, claws 3, fast metabolism 3, gourmand, regeneration 2,
shaggy fur 1, tough skin 2
a: Berserk, Trog's Hand, Brothers in Arms, Burn Spellbooks, Renounce Religion


You were in the Dungeon.
You worshipped Trog.
Trog was exalted by your worship.
You were full.

You visited 1 branch You collected 2036 gold pieces.

Inventory:

Armour
 a - a +0 animal skin (worn)
Wands
 i - a wand of slowing (19/48)
Scrolls
 h - a scroll of blinking
 k - a scroll of holy word {unknown}
 l - 4 scrolls of identify
 o - a scroll of torment {unknown}
 p - 2 scrolls of remove curse
Potions
 d - a potion of heal wounds
 e - a potion of haste
 f - 2 potions of magic
 g - a potion of berserk rage
 j - 2 potions of mutation {unknown}
 n - 3 potions of cure mutation
 q - 2 potions of flight
Books
 c - a book of Death

   Spells                             Type                      Level
   a - Corpse Rot                     Necromancy                   2
   b - Sublimation of Blood           Necromancy                   2
   c - Agony                          Necromancy                   5
   d - Dispel Undead                  Necromancy                   5
   e - Excruciating Wounds            Charms/Necromancy            5
   f - Bolt of Draining               Conjuration/Necromancy       5
   Trog disapproves of the use of such an item.
 r - a book of the Tempests

   Spells                             Type                      Level
   a - Static Discharge               Conjuration/Air              3
   b - Lightning Bolt                 Conjuration/Air              5
   c - Fireball                       Conjuration/Fire             5
   d - Tornado                        Air                          9
   e - Shatter                        Earth                        9
   Trog disapproves of the use of such an item.
Comestibles
 b - 3 bread rations
 m - 2 royal jellies


   Skills:
 - Level 2.4 Fighting
 + Level 13.2 Dodging
 + Level 15.3 Unarmed Combat


You had 8 spell levels left.
You didn't know any spells.

Dungeon Overview and Level Annotations

Branches:
Dungeon (1/1)

Altars:
Cheibriados
Dithmenos
Elyvilon
Fedhas
Gozag
Kikubaaqudgha
Makhleb
Nemelex Xobeh
Okawaru
Pakellas
Qazlal
Ru
Sif Muna
Trog
Vehumet
Xom
Yredelemnul
Zin
The Shining One
Jiyva
Lugonu

Shops:
D :


Innate Abilities, Weirdness & Mutations

You are too large for most types of armour.
You have claws for hands.
Your metabolism is lightning-fast.
You like to eat raw meat.
You heal very quickly.
You are covered in fur (AC +1).
You have very tough skin (AC +2).


Message History

No target in view!
No target in view!
Something barely misses you. Something hits you.
Things that are here:
an uncursed shortbow of flaming; 17 arrows; a centaur corpse You claw something!
Something hits you. Something hits you but does no damage.
Something closely misses you. Something hits you. Something hits you.
Something hits you!
* * * LOW HITPOINT WARNING * * *
Things that are here:
an uncursed shortbow of flaming; 17 arrows; a centaur corpse Something hits you!
* * * LOW HITPOINT WARNING * * *
Things that are here:
an uncursed shortbow; 26 arrows You closely miss something.
Something hits you.
* * * LOW HITPOINT WARNING * * *
Something hits you.
You die...

†.#._#..........#
###)##.........##
.....#)).......#
.....#)))#..####
####'#).###..#
_#...#'#####################
_#...#..≈§≈'.#((...'.#.#.#.+
_#...#.#≈§≈#.#.#)).##.#.#.##
_#...'.#§§.#.#.#@..#.#.#.#.#
_'...#.#.§.#...#...##.#.#.##
▓▓▓▓▓▓▓▓▓▓▓▓▓▓▓▓▓▓▓#.#.#.#.#
##.#.#.## +.#.#.#.#
##.#.#.## #+#####


There were no monsters in sight!

Vanquished Creatures
  Josephine (D)
  A centaur warrior (D)
  A deep elf mage (D)
  A shadow (D)
  A spatial vortex (D)
  A necrophage (D)
  2 centaurs (D)
  An earth elemental (D)
  A water elemental (D)
  A jelly (D)
  4 orc priests (D)
  2 orc wizards (D)
  Jessica (D)
  A wizard (D)
  A necromancer (D)
  A kobold demonologist (D)
  3 humans (D)
  2 oozes (D)
  A phantom (D)
  12 orcs (D)
39 creatures vanquished.

Vanquished Creatures (others)
  2 draconian scorchers (D)
  A yaktaur (D)
3 creatures vanquished.

Grand Total: 42 creatures vanquished

Notes
Turn   | Place    | Note
--------------------------------------------------------------
     0 | D        | LORDOFBUTT the Troll Berserker began the quest for the Orb.
     0 | D        | Reached XP level 1. HP: 22/22 MP: 0/0
     9 | D        | Reached ** piety under Trog
     9 | D        | Reached skill level 4 in Unarmed Combat
     9 | D        | Reached XP level 2. HP: 29/29 MP: 1/1
    15 | D        | Noticed Jessica
    21 | D        | Killed Jessica
    21 | D        | Reached skill level 5 in Unarmed Combat
    21 | D        | Reached XP level 3. HP: 34/36 MP: 2/2
    36 | D        | Killed a yaktaur
    50 | D        | Reached skill level 5 in Dodging
    50 | D        | Reached skill level 6 in Unarmed Combat
    54 | D        | Noticed a water elemental
    60 | D        | Killed a water elemental
    60 | D        | Reached skill level 7 in Unarmed Combat
    60 | D        | Reached XP level 4. HP: 35/44 MP: 3/3
   104 | D        | Found a radiant altar of Vehumet.
   104 | D        | Found a deep blue altar of Sif Muna.
   104 | D        | Found an ancient bone altar of Kikubaaqudgha.
   106 | D        | Noticed an orange demon
   107 | D        | Reached *** piety under Trog
   107 | D        | Reached XP level 5. HP: 45/50 MP: 4/4
   119 | D        | Reached skill level 8 in Unarmed Combat
   169 | D        | Found a glowing silver altar of Zin.
   169 | D        | Found a glowing golden altar of the Shining One.
   169 | D        | Found a white marble altar of Elyvilon.
   170 | D        | Noticed a deep elf mage
   180 | D        | Noticed a red devil
   185 | D        | Noticed a chaos spawn
   187 | D        | Noticed a demonic crawler
   187 | D        | Noticed a tarantella
   188 | D        | Killed a deep elf mage
   188 | D        | Reached **** piety under Trog
   188 | D        | Reached skill level 11 in Unarmed Combat
   188 | D        | Reached XP level 6. HP: 12/59 MP: 5/5
   188 | D        | Reached XP level 7. HP: 14/66 MP: 6/6
   208 | D        | Killed a white draconian scorcher
   273 | D        | Found an iron altar of Okawaru.
   273 | D        | Found a bloodstained altar of Trog.
   273 | D        | Noticed a human
   274 | D        | Noticed a human
   276 | D        | Killed a human
   276 | D        | Reached skill level 10 in Dodging
   284 | D        | Killed a human
   284 | D        | Reached skill level 12 in Unarmed Combat
   297 | D        | Found a basalt altar of Yredelemnul.
   297 | D        | Found a snail-covered altar of Cheibriados.
   297 | D        | Found a blossoming altar of Fedhas.
   311 | D        | Killed a white draconian scorcher
   315 | D        | Noticed a shadow
   319 | D        | Reached ***** piety under Trog
   325 | D        | Killed a shadow
   325 | D        | Reached XP level 8. HP: 33/74 MP: 7/7
   393 | D        | Found an oddly glowing altar of Pakellas.
   393 | D        | Found a stormy altar of Qazlal.
   394 | D        | Found a sacrificial altar of Ru.
   394 | D        | Found a burning altar of Makhleb.
   394 | D        | Found a viscous altar of Jiyva.
   394 | D        | Found a shimmering altar of Xom.
   394 | D        | Found a shadowy altar of Dithmenos.
   394 | D        | Found a sparkling altar of Nemelex Xobeh.
   394 | D        | Found a corrupted altar of Lugonu.
   394 | D        | Found an opulent altar of Gozag.
   419 | D        | Noticed Josephine
   430 | D        | Killed Josephine
   430 | D        | Reached skill level 14 in Unarmed Combat
   430 | D        | Reached XP level 9. HP: 62/80 MP: 8/8
   435 | D        | Found Zarghot's Book Shop.
   444 | D        | Received a gift from Trog
   449 | D        | Reached ****** piety under Trog
   454 | D        | Received a gift from Trog
   463 | D        | Received a gift from Trog
   700 | D        | Noticed a centaur warrior
   710 | D        | Killed a centaur warrior
   710 | D        | Reached skill level 15 in Unarmed Combat
   808 | D        | Slain by an unseen horror

Skill      XL: |  1  2  3  4  5  6  7  8  9 |
---------------+----------------------------+-----
Dodging        | 3 4 6 9 10 12 13 | 13.2
Unarmed Combat | 4 5 7 11 12 14 15 | 15.3
Fighting       | |  2.4

Action                   |  1- 3 |  4- 6 |  7- 9 || total
-------------------------+-------+-------+-------++-------
Melee: Unarmed           |    22 |    21 |    82 ||   125
       Punch             |     1 |       |     3 ||     4
Invok: Berserk           |     1 |     1 |     1 ||     3
  Use: Potion            |       |     2 |     1 ||     3
  Eat: Chunk             |       |     3 |    10 ||    13
Armor: Animal skin       |     5 |     6 |    21 ||    32
Dodge: Dodged            |    11 |     8 |    56 ||    75
